 Dungeon Crawl Stone Soup version 0.30-a0-949-g53dc5368d7 (webtiles) character file.

Game seed: 16033676163846046920

81 DeathPants the Twirler (level 4, -1/23 HPs)
             Began as a Vine Stalker Gladiator on Mar 27, 2023.
             Slain by a gnoll bouda
             ... wielding a +0 club
              (8 damage)
             ... on level 3 of the Dungeon.
             The game lasted 00:04:38 (1642 turns).

DeathPants the Twirler (Vine Stalker Gladiator)     Turns: 1642, Time: 00:04:39

Health: -1/23      AC:  4    Str: 16    XL:     4   Next: 40%
Magic:  0/7        EV: 12    Int: 10    God:
Gold:   87         SH:  0    Dex: 16    Spells: 6/6 levels left

rFire   . . .      SeeInvis .    a - +0 quarterstaff
rCold   . . .      Faith    .    (shield currently unavailable)
rNeg    . . .      Spirit   +    b - +0 leather armour
rPois   .          Reflect  .    l - +0 helmet
rElec   .          Rampage  .    (no cloak)
rCorr   .                        (no gloves)
Will    .....                    (no boots)
Stlth   +                        (no amulet)
HPRegen 1.03/turn                (no ring)
MPRegen 0.10/turn                (no ring)

@: no status effects
A: fangs 2, regeneration 1, magic shield, antimagic bite, no potion heal 2
a: no special abilities


You were on level 3 of the Dungeon.
You visited 1 branch of the dungeon, and saw 3 of its levels.

You collected 87 gold pieces.

Inventory:

Hand Weapons
 a - a +0 quarterstaff (weapon)
Missiles
 d - 3 throwing nets (quivered)
 e - a javelin
 m - 6 boomerangs
Armour
 b - a +0 leather armour (worn)
 l - a +0 helmet (worn)
Jewellery
 c - a ring of ice
Scrolls
 f - a scroll of blinking
 g - a scroll of teleportation
 h - 2 scrolls of identify
Potions
 j - a potion of curing


   Skills:
 + Level 2.3 Fighting
 * Level 3.5 Staves
 - Level 1.7 Throwing
 + Level 2.8 Dodging
 + Level 1.5 Spellcasting


You had 6 spell levels left.
You didn't know any spells.
Your spell library was empty.

Dungeon Overview and Level Annotations

Branches:
Dungeon (3/15)

Altars:

Annotations:
D:3 1 transporter, bigduke15's ghost, amateur OpCj


Innate Abilities, Weirdness & Mutations

You have extremely sharp teeth.
Your natural rate of healing is unusually fast.
When hurt, damage is shared between your health and your magic reserves.
Your bite disrupts and absorbs the magic of your enemies.
Potions cannot restore your health.


Message History

The gnoll closely misses you. The gnoll blocks your attack. x2
The gnoll is heavily wounded.
The gnoll misses you.
You hit the gnoll. The gnoll blocks your attack.
The gnoll is severely wounded.
The gnoll hits you with a +0 whip.
The gnoll bouda gazes fiercely through you!
You feel your attacks grow feeble. The gnoll blocks your attack.
The gnoll is severely wounded.
The gnoll hits you with a +0 whip. The gnoll hits you with a +0 whip.
Your attacks no longer feel as feeble.
A gnoll comes into view. It is wielding a +0 flail.
The gnoll shouts!
The gnoll is no longer moving quickly.
The gnoll bouda barks out a call to the hunt!
The gnoll picks up the pace!
Things that are here:
a +0 short sword; 2 stones; a kobold corpse The gnoll bouda gazes fiercely through you!
You feel your attacks grow feeble.
A giant cockroach comes into view.
The gnoll closely misses you.
You hit the gnoll. You bite the gnoll, but do no damage.
The gnoll is lightly wounded.
The gnoll hits you with a +0 flail!
You closely miss the gnoll. Your bite misses the gnoll.
The gnoll is lightly wounded.
The gnoll barely misses you. The gnoll closely misses you.
You hit the gnoll.
The gnoll is moderately wounded.
Your attacks no longer feel as feeble.
The gnoll bouda closely misses you. The gnoll hits you with a +0 flail!
* * * LOW HITPOINT WARNING * * *
You hit the gnoll but do no damage.
The gnoll is moderately wounded.
The gnoll bouda hits you with a +0 club!
You die...

#....WZZ... ....
..###########
#..#
........©....
#..##
.............
#...#
########.#.##
#...#
########.#.# .B.
#........#.# #g#
#.########.# #@#
#.# #.# #g####.#
#.# #gg....# #..
#g###### #.# .
#.# ... #.#
###...b
#.########.......
#.g..gg....#


You could see a gnoll bouda, 4 gnolls and a giant cockroach.

Vanquished Creatures
  Jessica (D:3)
  2 adders (D:2)
  A dart slug (D:2)
  A ball python (D:2)
  3 endoplasms
  3 giant cockroaches (D:1)
  3 goblins
  6 hobgoblins
  2 jackals
  5 kobolds
  2 bats
  2 rats
31 creatures vanquished.

Vanquished Creatures (others)
  19 plants (D:3)
19 creatures vanquished.

Grand Total: 50 creatures vanquished

Notes
Turn   | Place    | Note
-------+----------+-------------------------------------------
     0 | D:1      | DeathPants the Vine Stalker Gladiator began the quest for
                  | the Orb.
     0 | D:1      | Reached XP level 1. HP: 11/11 MP: 2/2
   167 | D:1      | Reached XP level 2. HP: 15/15 MP: 3/3
   455 | D:1      | Reached skill level 3 in Staves
   530 | D:2      | Reached XP level 3. HP: 18/18 MP: 5/5
   538 | D:2      | Reached skill level 1 in Spellcasting
  1076 | D:2      | Noticed Jessica
  1150 | D:3      | Killed Jessica
  1151 | D:3      | Gained mutation: Your natural rate of healing is unusually
                  | fast. [Vine Stalker growth]
  1151 | D:3      | Reached XP level 4. HP: 18/23 MP: 3/7
  1557 | D:3      | Found a transporter.
  1559 | D:3      | Noticed bigduke15's ghost (amateur OpCj)
  1642 | D:3      | Slain by a gnoll bouda

Illustrated notes

Levels and vault maps discovered:
D:1:      scummos_arrival_simple_crosswalls, layout_loops_ring,
          minmay_misc_feat_tiny, roderic_serpentine_path,
          kennysheep_minor_cross, kennysheep_nondescript, minmay_pentomino_p2
D:2:      layout_rooms, dreamdust_mushroom_princess, minmay_misc_feat_tower,
          serial_bayou_pond_e, uniq_jessica
D:3:      layout_loops_ring, nicolae_dithmenos_shadow_blocks,
          nicolae_gozag_zags_fifth_avenue, gammafunk_ghost_mausoleum,
          nicolae_grassy_gnolls, uniq_grinder

Skill      XL: |  1  2  3 |
---------------+----------+-----
Fighting       | 2 |  2.3
Staves         | 3 |  3.5
Spellcasting   | 1 |  1.5
Throwing       | |  1.7
Dodging        | |  2.8

Action                     |  1- 3 |  4- 6 || total
---------------------------+-------+-------++-------
  Melee: Quarterstaff      |    47 |    28 ||    75
         Bite              |    12 |     6 ||    18
    Use: Scroll            |     8 |     1 ||     9
 Armour: Leather armour    |    17 |     1 ||    18
  Dodge: Dodged            |    40 |    17 ||    57

Table legend: (Time is in decaauts)
 A = Elapsed time spent in this place.
 B = Non-inter-level travel time spent in this place.
 C = Inter-level travel time spent in this place.
 D = Time resting spent in this place.
 E = Time spent auto-exploring this place.
 F = Levels seen in this place.
 G = Mean time per level.
                   A        B        C        D        E       F      G
               +--------+--------+--------+--------+--------+-----+--------+
         Total |   1654 |   1547 |    107 |     56 |   1081 |   3 |  551.3 |
       Dungeon |   1654 |   1547 |    107 |     56 |   1081 |   3 |  551.3 |
               +--------+--------+--------+--------+--------+-----+--------+

Top non-repeatable levels by time:
     D:1: 881 daAuts
     D:2: 619 daAuts
     D:3: 153 daAuts
